 Dungeon Crawl Stone Soup version 0.25-a0-479-g8579842fd4 (webtiles) character file.

Game seed: 17434034328388227352, levelgen mode: deterministic

94 Error4North the Shield-Bearer (level 4, -2/40 HPs)
             Began as a Hill Orc Fighter on Feb 9, 2020.
             Killed from afar by Natasha (10 damage)
             ... with a magic dart
             ... on level 2 of the Dungeon.
             The game lasted 00:04:13 (1560 turns).

Error4North the Shield-Bearer (Hill Orc Fighter)    Turns: 1560, Time: 00:04:14

Health: -2/40      AC:  7    Str: 19    XL:     4   Next: 63%
Magic:  4/4        EV:  7    Int:  8    God:
Gold:   92         SH:  9    Dex: 10    Spells: 3/3 levels left

rFire    . . .     SeeInvis .   a - +0 war axe
rCold    . . .     Gourm    .   c - +0 shield
rNeg     . . .     Faith    .   b - +0 scale mail
rPois    .         Spirit   .   (no helmet)
rElec    .         Reflect  .   (no cloak)
rCorr    .         Harm     .   (no gloves)
MR       .....                  (no boots)
Stlth    ..........             (no amulet)
HPRegen  0.13/turn              (no ring)
MPRegen  0.09/turn              (no ring)

@: no status effects
A: no striking features
a: no special abilities


You were on level 2 of the Dungeon.
You were not hungry.

You visited 1 branch of the dungeon, and saw 2 of its levels.

You collected 92 gold pieces.

Inventory:

Hand Weapons
 a - a +0 war axe (weapon)
Armour
 b - a +0 scale mail (worn)
 c - a +0 shield (worn)
Wands
 g - a wand of paralysis (5)
Scrolls
 h - a scroll of blinking {unknown}
 i - a scroll of enchant armour {unknown}
 j - a scroll of amnesia {unknown}
 k - 2 scrolls of fear {unknown}
 n - a scroll of remove curse {unknown}
 o - a scroll of identify {unknown}
Potions
 d - a potion of might
 e - a potion of agility {unknown}
 l - a potion of cancellation {unknown}
Comestibles
 f - 6 rations
 m - a chunk of flesh


   Skills:
 + Level 3.9 Fighting
 + Level 4.0 Axes
 * Level 4.0 Armour
 + Level 1.0 Dodging
 + Level 0.1 Stealth
 * Level 4.0 Shields


You had 3 spell levels left.
You didn't know any spells.
Your spell library was empty.

Dungeon Overview and Level Annotations

Branches:
Dungeon (2/15)

Altars:

Annotations:
D:2 Natasha


Message History

Natasha barely misses you.
You hit Natasha.
Natasha is moderately wounded.
Natasha claws you.
* * * LOW HITPOINT WARNING * * *
You block Natasha's attack.
You closely miss Natasha.
Natasha is moderately wounded.
You block Natasha's attack.
You hit Natasha.
Natasha is heavily wounded.
Natasha zaps a wand.
You block the puff of flame. Natasha barely misses you.
You hit Natasha.
Natasha is heavily wounded.
You block Natasha's attack.
You barely miss Natasha.
Natasha is heavily wounded.
Natasha casts a spell at you. The magic dart hits you!
You die...

#.# #.......#
#.......# # #.#
######### #.......# #
#.# #.......#
##'######
#######'#####
........#
###########.......
........#
#####.................
........#
#.)......######......)
##....♣P####........#
#.......
#P♣♣♣..........@h..#
#.......
#..P♣♣.............#
#######.
#.P.♣..♣♣♣....#'####
#. #.#.....♣♣♣♣..#.#
.. #.#####...♣♣.##.#
...
#.######....###'######
....
#...)....P..#........#
###########.#........#
#...........'........#


You could see Natasha.

Vanquished Creatures
  Natasha (D:2)
  2 adders (D:2)
  2 oozes (D:2)
  A dart slug (D:1)
  2 giant cockroaches
  6 goblins
  3 hobgoblins
  4 jackals (D:1)
  6 kobolds
  2 ball pythons (D:1)
  5 bats
  4 frilled lizards (D:1)
  2 rats
40 creatures vanquished.

Notes
Turn   | Place    | Note
-------+----------+-------------------------------------------
     0 | D:1      | Error4North the Hill Orc Fighter began the quest for the
                  | Orb.
     0 | D:1      | Reached XP level 1. HP: 19/19 MP: 1/1
   135 | D:1      | Reached XP level 2. HP: 27/27 MP: 2/2
   485 | D:1      | Reached XP level 3. HP: 29/33 MP: 3/3
  1475 | D:2      | Noticed Natasha
  1478 | D:2      | Killed Natasha
  1478 | D:2      | Reached skill level 1 in Dodging
  1478 | D:2      | Reached XP level 4. HP: 40/40 MP: 4/4
  1547 | D:2      | Noticed Natasha
  1560 | D:2      | Killed from afar by Natasha

Levels and vault maps discovered:
D:1:      minmay_arrival_jagged, layout_basic, minivault_25
D:2:      layout_basic, first_ration, serial_forest, infiniplex_forest_end_3,
          infiniplex_forest_lined_2, infiniplex_forest_corner_1,
          infiniplex_forest_corner_1, infiniplex_forest_clump_tiny,
          infiniplex_forest_clump_tiny, infiniplex_forest_corner_1,
          infiniplex_forest_clump_double, infiniplex_forest_straight_2,
          uniq_jessica, uniq_natasha

Skill      XL: |  1  2  3  4 |
---------------+-------------+-----
Axes           | 3 4 |  4.0
Dodging        | 1 |  1.0
Shields        | 4 |  4.0
Armour         | 4 |  4.0
Fighting       | |  3.9
Stealth        | |  0.1

Action                   |  1- 3 |  4- 6 || total
-------------------------+-------+-------++-------
Melee: War axe           |   135 |    19 ||   154
  Eat: Chunk             |     2 |       ||     2
Armor: Scale mail        |    82 |     6 ||    88
Dodge: Dodged            |    46 |     8 ||    54
Block: Shield            |    91 |    14 ||   105

Table legend:
 A = Non-vault XP
 B = Vault XP
 C = Vault XP percentage of total XP
 D = Non-vault monster count
 E = Vault monster count
 F = Vault count percentage of total count
                 A         B        C        D         E       F
            +---------+---------+-------+---------+---------+-------
      Total |     100 |      35 |  25.9 |      39 |       1 |   2.5
            +---------+---------+-------+---------+---------+-------
        D:1 |      41 |       0 |   0.0 |      24 |       0 |   0.0
        D:2 |      59 |      35 |  37.2 |      15 |       1 |   6.2
            +---------+---------+-------+---------+---------+-------
